 Dungeon Crawl Stone Soup version 0.20.1-1-g8b1a95d (webtiles) character file.

117 Gargoyl the Skirmisher (level 4, 0/41 HPs)
             Began as a Minotaur Abyssal Knight on July 14, 2017.
             Was a Believer of Lugonu.
             Slain by an orc (4 damage)
             ... on level 3 of the Dungeon.
             The game lasted 00:04:57 (2305 turns).

Gargoyl the Skirmisher (Minotaur Abyssal Knight)    Turns: 2305, Time: 00:05:00

Health: 0/41       AC:  5    Str: 19    XL:     4   Next: 71%
Magic:  4/5        EV: 11    Int:  9    God:    Lugonu [**....]
Gold:   130        SH:  0    Dex: 10    Spells: 3/3 levels left

rFire    . . .     SeeInvis .   l - -1 war axe (curse)
rCold    . . .     Gourm    .   (no shield)
rNeg     . . .     Faith    .   m - +0 ring mail
rPois    .         Spirit   .   (helmet restricted)
rElec    .         Reflect  .   (no cloak)
rCorr    .         Harm     .   (no gloves)
MR       .....                  (no boots)
Stlth    ..........             (no amulet)
Regen    0.2/turn               d - +2 ring of strength
MPRegen  0.1/turn               (no ring)

@: lethally poisoned (0 -> -13)
A: retaliatory headbutt, horns 2
a: Depart the Abyss, Bend Space, Renounce Religion


You were on level 3 of the Dungeon.
You worshipped Lugonu.
Lugonu was pleased with you.
You were not hungry.

You visited 1 branch of the dungeon, and saw 3 of its levels.
You visited the Abyss 1 time.

You collected 130 gold pieces.

Inventory:

Hand Weapons
 a - a +1 hand axe
 l - a cursed -1 war axe (weapon)
Armour
 m - a +0 ring mail (worn)
Jewellery
 d - a +2 ring of strength (left hand)
Scrolls
 e - 4 scrolls of identify
Potions
 j - a potion of flight {unknown}
Comestibles
 c - 2 bread rations
 g - 2 meat rations
 h - 7 fruits


   Skills:
 + Level 4.6 Fighting
 + Level 3.6 Axes
 * Level 3.4 Armour
 + Level 1.7 Dodging
 * Level 2.7 Invocations


You had 3 spell levels left.
You didn't know any spells.

Dungeon Overview and Level Annotations

Branches:
Dungeon (3/15)

Altars:


Innate Abilities, Weirdness & Mutations

You reflexively headbutt those who attack you in melee.
You have a pair of horns on your head.


Message History

The orc hits you but does no damage. x2; The adder closely misses you.
You hit the orc priest.
The orc priest is moderately wounded.
You closely miss the adder. You closely miss the orc.
You feel sick. The adder bites you.
* * * LOW HITPOINT WARNING * * *
You are lethally poisoned!
The adder poisons you! The orc priest barely misses you.
The orc barely misses you. The orc hits you.
* * * LOW HITPOINT WARNING * * *
The adder bites you.
* * * LOW HITPOINT WARNING * * *
You slash the orc priest! Your headbutt misses the orc priest.
The orc priest is almost dead.
You hit the orc but do no damage. You miss the adder.
* * * LOW HITPOINT WARNING * * *
You feel sick.
The orc priest casts a cantrip, but nothing happens.
The orc hits you.
You die...

#.# ... #.# !..
#(# #.# #.##..#
#.#..# #...#
##).## #..(#
#.@##
#.....Soo......
#...)#..o......
#..?..........(
#....#.........
#..[.#.........
#### #...?.....
#..[......


You could see an orc priest, an adder and 2 orcs.

Vanquished Creatures
  6 adders
  An ooze (D:2)
  3 worms (D:2)
  A dart slug (D:1)
  3 leopard geckos
  2 giant cockroaches
  A goblin (D:2)
  4 hobgoblins
  2 jackals (D:2)
  9 kobolds
  A quokka (D:2)
  9 bats
  5 frilled lizards
  2 rats
49 creatures vanquished.

Notes
Turn   | Place    | Note
-------+----------+-------------------------------------------
     0 | Abyss:1  | Gargoyl the Minotaur Abyssal Knight began the quest for the Orb.
     0 | Abyss:1  | Reached XP level 1. HP: 19/19 MP: 1/1
    71 | Abyss:1  | Noticed a raiju
    71 | Abyss:1  | Noticed a raiju
    72 | Abyss:1  | Noticed a raiju
    72 | D:1      | Escaped the Abyss
   548 | D:1      | Reached XP level 2. HP: 27/27 MP: 2/2
   749 | D:1      | Reached skill level 4 in Fighting
   849 | D:1      | Reached * piety under Lugonu
  1239 | D:2      | Reached XP level 3. HP: 34/34 MP: 3/3
  1531 | D:2      | Reached XP level 4. HP: 29/41 MP: 4/4
  2295 | D:3      | Reached ** piety under Lugonu
  2305 | D:3      | Slain by an orc

Skill      XL: |  1  2  3 |
---------------+----------+-----
Invocations    | 2 |  2.7
Fighting       | 4 |  4.6
Axes           | 3 |  3.6
Armour         | 3 |  3.4
Dodging        | |  1.7

Action                   |  1- 3 |  4- 6 || total
-------------------------+-------+-------++-------
Melee: Hand axe          |    66 |    19 ||    85
       Headbutt          |     6 |     7 ||    13
       War axe           |       |    20 ||    20
Invok: Depart the Abyss  |     1 |       ||     1
  Use: Scroll            |     2 |     2 ||     4
  Eat: Chunk             |     2 |     2 ||     4
Armor: Leather armour    |    14 |     8 ||    22
       Ring mail         |       |     8 ||     8
Dodge: Dodged            |    44 |    35 ||    79
